 Dungeon Crawl Stone Soup version 0.18-a0-674-g00855b9 (webtiles) character file.

264058 Raultor the Brawler (level 19, -16/175 HPs)
             Began as a Troll Monk on Dec 6, 2015.
             Was the Champion of Ru.
             Blown up by an orb spider (50 damage)
             ... with an orb of destruction
             ... on level 3 of the Spider Nest.
             The game lasted 02:28:50 (30242 turns).

Raultor the Brawler (Troll Monk)                   Turns: 30242, Time: 02:28:50

Health: -16/175    AC: 16    Str: 27    XL:     19   Next: 98%
Magic:  16/16      EV: 16    Int:  7    God:    Ru [******]
Gold:   2027       SH: 13    Dex: 17    Spells: 3 memorised, 9 levels left

rFire  + . .     SeeInvis .       - Unarmed
rCold  + + .     Clarity  .     O - +1 robe {rC+}
rNeg   . . .     SustAt   .     F - +0 shield {reflect}
rPois  +         Gourm    +     K - +1 hat "Lesk" {rC+ Dex+3}
rElec  .         Spirit   .     X - +0 cloak of Happiness {rF+ MR+}
rCorr  .         Dismiss  .     (gloves unavailable)
rMut   .         Stasis   +     (boots unavailable)
MR     ++...                    T - amulet of stasis {Stasis, !d}
Stlth  ..........               A - ring of poison resistance {rPois, !d}
                                E - ring of Robustness {AC+8}

@: very resistant to hostile enchantments, extremely unstealthy
A: unfitting armour, claws 3, fast metabolism 3, frail 1, gourmand, low mp 1,
regeneration 2, shaggy fur 1, tough skin 2, wild magic 1, no stealth, inability
to use devices, hated by all, inability to train armour, no conjurations magic,
no earth magic, no necromancy magic
a: Draw Out Power, Power Leap, Apocalypse, Renounce Religion


You were on level 3 of the Spider Nest.
You worshipped Ru.
Ru was exalted by your worship.
You were very full.

You visited 5 branches of the dungeon, and saw 30 of its levels.
You visited 1 bazaar.
You also visited: Ice Cave, Volcano and Wizlab.

You collected 4680 gold pieces.
You spent 2653 gold pieces at shops.

Inventory:

Hand Weapons
 t - a +1 giant spiked club
   (You took it off an ogre on level 10 of the Dungeon)
 D - a +1 demon blade of electrocution
   (You took it off Asterion on level 1 of the Elven Halls)
 H - the +9 spear of the Radish {venom, -Tele MR+ Str+3}
   (You found it on level 5 of the Dungeon)

   It poisons the flesh of those it strikes.
   It affects your strength (+3).
   It affects your resistance to hostile enchantments.
   It prevents most forms of teleportation.
Missiles
 k - 7 large rocks (quivered) {!d}
 V - 3 throwing nets {=f, !d}
Armour
 F - a +0 shield of reflection (worn)
   (You took it off Donald on level 1 of the Elven Halls)
 K - the +1 hat "Lesk" (worn) {rC+ Dex+3}
   (You acquired it on level 3 of the Elven Halls)

   It affects your dexterity (+3).
   It protects you from cold.
 M - a +2 large shield of cold resistance
   (You found it in an ice cave)
 O - a +1 robe of cold resistance (worn)
   (You took it off a wight on level 6 of the Dungeon)
 X - the +0 cloak of Happiness (worn) {rF+ MR+}
   (You found it in a wizard's laboratory)

   It protects you from fire.
   It affects your resistance to hostile enchantments.
Jewellery
 o - the amulet "Sauwybb" {Dismiss rF+ MR+}
   (You took it off a deep elf summoner on level 3 of the Elven Halls)

   [amulet of dismissal]

   It may teleport away creatures that harm you.
   It protects you from fire.
   It affects your resistance to hostile enchantments.
 w - the ring "Joerach" {rF+ Str+4 SInv}
   (You bought it in a shop on level 2 of the Orcish Mines)

   [ring of protection from fire]

   It affects your strength (+4).
   It protects you from fire.
   It lets you see invisible.
 y - an uncursed ring of protection from fire {rF+, !d}
   (You found it on level 4 of the Dungeon)
 A - a ring of poison resistance (right claw) {rPois, !d}
   (You bought it in a shop on level 4 of the Orcish Mines)
 B - an uncursed ring of protection from magic {MR+, !d}
   (You found it on level 7 of the Lair of Beasts)
 E - the ring of Robustness (left claw) {AC+8}
   (You found it on level 5 of the Dungeon)

   [ring of protection]

   It affects your AC (+8).
 Q - an uncursed ring of protection from cold {rC+, !d}
   (You found it on level 6 of the Lair of Beasts)
 T - an amulet of stasis (around neck) {Stasis, !d}
   (You found it on level 7 of the Dungeon)
Scrolls
 d - 12 scrolls of remove curse
 e - 6 scrolls of identify
 h - a scroll of silence
 q - 8 scrolls of blinking {!r}
 r - a scroll of fog
 z - 4 scrolls of fear
 C - 6 scrolls of amnesia
 L - 9 scrolls of teleportation
 N - a scroll of holy word {!r}
 U - a scroll of magic mapping {!r}
 Y - 5 scrolls of enchant armour
Potions
 a - 2 potions of berserk rage {!q}
 c - 3 potions of magic
 f - 3 potions of invisibility
 i - 6 potions of flight
 j - a potion of cure mutation {!q}
 n - 6 potions of haste
 p - 3 potions of brilliance
 u - 5 potions of curing
 x - 3 potions of cancellation
 G - 7 potions of might
 I - a potion of agility
 J - 11 potions of heal wounds
Comestibles
 b - 20 bread rations {@e1}
 g - 14 meat rations {@e2}
 l - 10 beef jerkies
 m - 14 fruits


   Skills:
 + Level 13.6 Fighting
 + Level 12.5 Throwing
 - Level 9.8 Dodging
 + Level 12.8 Shields
 * Level 18.4 Unarmed Combat


You had 9 spell levels left.
You knew the following spells:

 Your Spells              Type           Power        Failure   Level  Hunger
a - Invisibility          Hex            #.......     100%        6    #######
g - Apportation           Tloc           #.........   63%         1    ##.....
s - Shroud of Golubria    Chrm/Tloc      #.........   85%         2    ###....


Dungeon Overview and Level Annotations

Branches:
Dungeon (12/15)            Temple (0/1) D:6            Lair (8/8) D:11
  Swamp (0/4) Lair:6       Spider (3/4) Lair:5        Slime (0/6) Lair:7
    Orc (4/4) D:12            Elf (3/3) Orc:3

Altars:
Cheibriados
Dithmenos
Elyvilon
Fedhas
Gozag
Kikubaaqudgha
Makhleb
Okawaru
Pakellas
Qazlal
Ru
Vehumet
Xom
Yredelemnul
The Shining One
Beogh

Shops:
D:7 (   D:12 ([*(}   Orc:1 !   Orc:2 =   Orc:3 !   Orc:4 *(*:   Elf:2 *
Elf:3 =***

Portals:
Hell: Lair:8

Annotations:
D:6 Raultor's ghost, novice HOGl


Innate Abilities, Weirdness & Mutations

You are too large for most types of armour.
You have claws for hands.
Your metabolism is lightning-fast.
You like to eat raw meat.
You heal very quickly.
You are covered in fur (AC +1).
You have very tough skin (AC +2).
You cannot be stealthy.
You cannot study or use magical devices.
You are hated by all.
You cannot train Armour skill.
You cannot study or cast Conjurations magic.
You cannot study or cast Earth magic.
You cannot study or cast Necromancy magic.
You are frail (-10% HP).
Your magical capacity is low (-10% MP).
Your spells are a little harder to cast, but a little more powerful.


Message History

The redback bites you!
* * * LOW HITPOINT WARNING * * *
You focus your will and blind the redback in retribution!
You take 9 damage, and have 31/175 hp.
You scratch the redback.
You feel sick. The redback bites you.
* * * LOW HITPOINT WARNING * * *
The redback misses you.
You take 6 damage, and have 25/175 hp.
You barely miss the redback.
You feel sick. You block the redback's attack.
You take 1 damage, and have 24/175 hp.
You eviscerate the redback!!!
You kill the redback!
You feel sick.
The redback is stunned by your will and fails to attack.
You take 1 damage, and have 23/175 hp.
You barely miss the redback.
You feel sick. The redback barely misses you.
You take 2 damage, and have 21/175 hp.
You mangle the redback!!
You kill the redback!
You feel sick.
You start resting.
You feel sick.
You feel sick. x2
Eating one of 5 chunks of flesh {@w0}.
This raw flesh tastes great.
You feel sick.
You continue eating.
You feel sick.
You continue eating.
You feel sick. x21
You are no longer poisoned.
You regained 2 hp, and now have 23/175 hp.
You start resting.
All of the chunks of flesh in your inventory have rotted away.
An orb spider comes into view.
You regained 30 hp, and now have 53/175 hp.
The orb spider hisses angrily.
Things that are here:
a redback corpse; a wolf spider corpse An orb spider is nearby!
You redirect the orb spider's attack!
The orb spider spins a strand of pure energy.
The orb spider weaves a glowing orb of energy.
An orb of destruction comes into view.
You found a web!
The rock wall explodes into countless fragments.
The orb spider begins to attack, but is stunned by your will!
An orb spider is nearby!
An orb spider is nearby!
An orb spider is nearby!
An orb spider is nearby!
An orb spider is nearby!
The orb spider begins to weave its threads into a brightly glowing ball.
The orb spider weaves a glowing orb of energy.
An orb of destruction comes into view.
Your +0 shield of reflection reflects the orb of destruction!
The orb spider pulsates with a strange energy.
You barely miss the orb spider. You claw the orb spider!
The orb spider weaves a glowing orb of energy.
An orb of destruction comes into view.
You barely miss the orb spider.
You redirect the orb spider's attack!
The orb spider begins to weave its threads into a brightly glowing ball.
You catch the helpless orb spider momentarily off-guard.
You scratch the orb spider but do no damage.
You mangle the orb spider!! The orb of destruction hits you!
* * * LOW HITPOINT WARNING * * *
You take 44 damage, and have 25/175 hp.
MASSIVE DAMAGE!!
The orb spider weaves a glowing orb of energy.
An orb of destruction comes into view.
The wavering orb of destruction hits you!
* * * LOW HITPOINT WARNING * * *
You take 17 damage, and have 9/175 hp.
Your +0 shield of reflection reflects the orb of destruction!
Drink which item? (? for menu, Esc to quit)
You feel much better.
The orb of destruction hits a rock wall.
The orb spider falls off the wall.
The rock wall explodes into countless fragments.
The orb spider spins a strand of pure energy.
You regained 20 hp, and now have 30/175 hp.
Aim: an orb spider (almost dead)
You throw a large rock {!d}.
The large rock {!d} hits the orb spider.
The orb spider weaves a glowing orb of energy.
An orb of destruction comes into view.
An electric eel comes into view.
The electric eel shoots out a bolt of lightning at you!
The bolt of electricity hits you!
* * * LOW HITPOINT WARNING * * *
You take 9 damage, and have 24/175 hp.
The orb spider begins to attack, but is stunned by your will!
The orb spider spins a strand of pure energy.
Aim: an orb spider (almost dead)
You throw a large rock {!d}.
The large rock {!d} hits the orb spider!!!
You kill the orb spider!
The orb of destruction hits you!
You die...

≈≈........%....^.....
≈≈#....^.............
#.....#...(..........
##....^.....(..........
......................
#............!..%...^^
#.....................
.....................
##≈.^§.......@.......
#####≈†#^......§#................
........†.....§.^................
(.((((((§....§§...............^..
#(..#(.(..§§§.............#......
#.#.#.(............?.......).....
()#[(.#..(.............#.........
..((.(##.(......^................
(.((((((((................^#.....


There were no monsters in sight!

Vanquished Creatures
  Arachne (Spider:2)
  Asterion (Elf:1)
  A deep elf master archer (Elf:3)
  2 deep elf blademasters (Elf:3)
  2 tentacled starspawn (WizLab)
  Kirke (Lair:5)
  Donald (Elf:1)
  A frost giant (IceCv)
  5 deep elf sorcerers (Elf:3)
  A draconian shifter (WizLab)
  2 emperor scorpions
  5 deep elf demonologists (Elf:3)
  7 deep elf annihilators (Elf:3)
  A lorocyproca (WizLab)
  A mottled draconian (WizLab)
  2 dire elephants (Lair:8)
  A white draconian (WizLab)
  Snorg (Orc:1)
  A blizzard demon (WizLab)
  4 deep elf death magi
  Josephine (Lair:4)
  A rakshasa (WizLab)
  3 deep elf high priests (Elf:3)
  11 hydras
  Fannar (Lair:1)
  Harold (Lair:1)
  Erica (Orc:1)
  15 dancing weapons (Elf:2)
  3 small abominations
  26 death yaks
  2 thrashing horrors (WizLab)
  3 orc high priests (Orc:4)
  Urug (Lair:2)
  2 large abominations (WizLab)
  Nergalle (Orc:1)
  13 deep elf knights
  A sun demon (Lair:8)
  2 unseen horrors
  The ghost of zero the Severer, a novice HOBe of Trog (D:7)
  11 deep elf summoners
  3 hill giants
  An obsidian statue (WizLab)
  Pikel (D:8)
  12 orb spiders
  An ugly thing (D:12)
  An anaconda skeleton (WizLab)
  2 necromancers (Elf:1)
  14 deep elf conjurers
  A lindwurm (Volcano)
  2 cyclopes
  5 orc knights
  6 statues (Volcano)
  2 wizards
  6 orc sorcerers
  9 elephants
  18 wolf spiders
  4 griffons
  6 hornets
  3 worldbinders (WizLab)
  2 slime creatures (D:12)
  A smoke demon (Lair:8)
  2 black mambas
  A torpor snail (Spider:2)
  14 spiny frogs
  An ice statue (IceCv)
  2 orange demons (Lair:8)
  A demonspawn skeleton (WizLab)
  3 fire drakes
  6 komodo dragons
  9 deep elf priests
  An efreet (WizLab)
  A hellwing (Lair:8)
  The ghost of nago the Charlatan, a novice VSAr (D:4)
  8 demonic crawlers
  2 trolls
  An ice devil (Lair:8)
  3 red devils (Lair:8)
  15 polar bears (IceCv)
  15 jumping spiders
  A wind drake (shapeshifter) (Elf:3)
  5 boulder beetles
  43 blink frogs
  An air elemental (WizLab)
  A two-headed ogre (D:12)
  A shadow (D:11)
  4 wyverns
  14 trapdoor spiders
  A spriggan (D:7)
  Sigmund (D:6)
  27 redbacks
  69 yaks
  4 wraiths
  9 fire bats (Volcano)
  A ynoxinul (WizLab)
  14 tarantellas
  18 deep elf fighters
  Eustachio (D:6)
  18 deep elf magi
  10 hippogriffs
  4 hungry ghosts
  3 hogs (Lair:5)
  A human (Lair:5)
  12 wolves
  Menkaure (D:7)
  11 swamp worms (Lair:8)
  2 insubstantial wisps (WizLab)
  3 spatial vortices (WizLab)
  26 orc warriors
  2 soldier ants
  A mottled dragon (D:11)
  17 porcupines
  2 wargs
  17 water moccasins
  3 hell hounds (Lair:8)
  2 black bears
  3 ice beasts
  4 slaves (D:6)
  6 ogres
  2 necrophages
  A wasp (D:8)
  A phantom (D:4)
  9 centaurs
  18 crocodiles
  4 elf zombies
  2 big kobolds
  A wyvern zombie (D:10)
  22 giant frogs
  A water moccasin skeleton (D:9)
  6 scorpions
  A troll zombie (D:10)
  12 killer bees
  7 wights
  An electric eel (Lair:3)
  9 crimson imps
  2 centaur zombies
  13 jellies
  5 human zombies (D:10)
  7 lava snakes (Volcano)
  28 orc wizards
  18 orc priests
  2 quasits (D:8)
  A giant frog skeleton (D:4)
  An iron imp (WizLab)
  2 hounds
  2 iguanas
  9 worker ants
  16 sheep
  A hound zombie (D:9)
  An ogre skeleton (D:10)
  A mummy (D:10)
  2 worker ant zombies
  10 adders
  22 river rats
  A shadow imp (D:10)
  12 white imps (D:11)
  An ooze (Lair:7)
  3 adder skeletons
  11 worms
  6 giant geckos
  140 orcs
  A ball python (D:5)
  4 giant cockroaches
  6 goblins
  9 hobgoblins
  8 jackals
  A ball python zombie (D:6)
  7 bats
  3 giant gecko skeletons
  3 giant newts
  16 kobolds
  An orc zombie (D:10)
  8 quokkas
  5 rats
  2 crawling corpses (Elf:3)
  An eldritch tentacle segment (WizLab)
  A plant (Lair:5)
1180 creatures vanquished.

Vanquished Creatures (others)
  A deep elf master archer (Elf:3)
  An eldritch tentacle (WizLab)
  A hydra (Lair:3)
  An orange demon (Lair:8)
  An ancient zyme (WizLab)
  A jumping spider (Spider:1)
  3 blink frogs
  A deep elf mage (Elf:1)
  A trapdoor spider (Spider:1)
  A redback (Spider:1)
  A hog (Lair:5)
  A yak (Lair:2)
  A wolf (Lair:2)
  A hippogriff (D:7)
  An orc priest (Orc:4)
  A shadow imp (WizLab)
  5 orcs
  A bush (Lair:8)
  3048 eldritch tentacle segments (WizLab)
  21 fungi
  A lurking horror (WizLab)
  12 plants
  5 starspawn tentacles (WizLab)
  37 starspawn tentacle segments (WizLab)
3148 creatures vanquished.

Grand Total: 4328 creatures vanquished

Notes
Turn   | Place    | Note
--------------------------------------------------------------
     0 | D:1      | Raultor the Troll Monk began the quest for the Orb.
     0 | D:1      | Reached XP level 1. HP: 22/22 MP: 0/0
   770 | D:2      | Reached XP level 2. HP: 23/29 MP: 1/1
   851 | D:2      | Reached XP level 3. HP: 34/36 MP: 2/2
   859 | D:2      | Found a sacrificial altar of Ru.
   866 | D:2      | Became a worshipper of Ru the Awakened
   874 | D:2      | Gained mutation: You are hated by all. [Ru sacrifice]
   874 | D:2      | Reached * piety under Ru
  1108 | D:2      | Reached XP level 4. HP: 37/44 MP: 3/3
  1389 | D:2      | Found a blossoming altar of Fedhas.
  1474 | D:3      | Found a faded altar to an unknown god.
  1483 | D:3      | Reached skill level 5 in Unarmed Combat
  1505 | D:3      | Reached skill level 3 in Fighting
  1834 | D:3      | Reached skill level 3 in Dodging
  2042 | D:4      | Noticed nago's ghost (novice VSAr)
  2052 | D:4      | Reached XP level 5. HP: 53/53 MP: 4/4
  2074 | D:4      | Killed nago's ghost
  2074 | D:4      | Reached skill level 6 in Unarmed Combat
  2074 | D:4      | Reached XP level 6. HP: 43/62 MP: 5/5
  2102 | D:4      | Found an opulent altar of Gozag.
  2234 | D:4      | Reached XP level 7. HP: 68/68 MP: 6/6
  2314 | D:4      | Found a stormy altar of Qazlal.
  2348 | D:4      | Gained mutation: You cannot be stealthy. [Ru sacrifice]
  2348 | D:4      | Reduced skill Stealth to level 0
  2348 | D:4      | Reached ** piety under Ru
  2423 | D:4      | Reached skill level 4 in Fighting
  2534 | D:4      | Reached skill level 4 in Dodging
  2534 | D:4      | Reached skill level 7 in Unarmed Combat
  2578 | D:4      | Found a glowing golden altar of the Shining One.
  2613 | D:4      | Found a burning altar of Makhleb.
  2614 | D:4      | Found a shimmering altar of Xom.
  2684 | D:4      | Found an oddly glowing altar of Pakellas.
  2853 | D:5      | Entered Level 5 of the Dungeon
  2889 | D:5      | Found a white marble altar of Elyvilon.
  3212 | D:5      | Got a scorched spear
  3213 | D:5      | Identified the +9 spear of the Radish {venom, -Tele MR+ Str+3} (You found it on level 5 of the Dungeon)
  3466 | D:5      | Reached XP level 8. HP: 79/79 MP: 7/7
  3486 | D:6      | Reached skill level 8 in Unarmed Combat
  3532 | D:6      | Noticed Pikel
  3667 | D:6      | Found a sacrificial altar of Ru.
  3770 | D:6      | Noticed Sigmund
  3792 | D:6      | Killed Sigmund
  3848 | D:6      | Gained mutation: You cannot study or cast Earth magic. [Ru sacrifice]
  3848 | D:6      | Gained mutation: You cannot study or cast Necromancy magic. [Ru sacrifice]
  3848 | D:6      | Gained mutation: You cannot study or cast Conjurations magic. [Ru sacrifice]
  3957 | D:6      | Reached skill level 5 in Fighting
  3957 | D:6      | Reached skill level 5 in Dodging
  3987 | D:6      | Noticed Raultor's ghost (novice HOGl)
  4201 | D:6      | Found a snail-covered altar of Cheibriados.
  4264 | D:6      | Reached skill level 9 in Unarmed Combat
  4296 | D:6      | Found a staircase to the Ecumenical Temple.
  4342 | D:6      | Noticed Eustachio
  4353 | D:6      | Killed Eustachio
  4353 | D:6      | Reached XP level 9. HP: 86/88 MP: 8/8
  4592 | D:7      | Noticed zero's ghost (novice HOBe)
  4601 | D:7      | Killed zero's ghost
  4601 | D:7      | Reached skill level 10 in Unarmed Combat
  4625 | D:7      | Reached skill level 6 in Dodging
  4700 | D:7      | Found Dechet's Antique Weapon Emporium.
  4713 | D:7      | Noticed Menkaure
  4718 | D:7      | Killed Menkaure
  4718 | D:7      | Reached skill level 6 in Fighting
  4919 | D:7      | Found an iron altar of Okawaru.
  4983 | D:7      | Found an ancient bone altar of Kikubaaqudgha.
  5277 | D:8      | Killed Pikel
  5277 | D:8      | Reached skill level 11 in Unarmed Combat
  5277 | D:8      | Reached XP level 10. HP: 97/100 MP: 9/9
  5539 | D:8      | Gained mutation: You cannot study or use magical devices. [Ru sacrifice]
  5539 | D:8      | Reached *** piety under Ru
  5539 | D:8      | Reached **** piety under Ru
  5539 | D:8      | Reached ***** piety under Ru
  5992 | D:9      | Reached skill level 7 in Dodging
  6089 | D:9      | Noticed a cyclops
  6184 | D:8      | Reached skill level 7 in Fighting
  6267 | D:9      | Killed a cyclops
  6267 | D:9      | Reached skill level 12 in Unarmed Combat
  6341 | D:9      | Noticed a hill giant
  6350 | D:9      | Killed a hill giant
  6772 | D:10     | Entered Level 10 of the Dungeon
  6821 | D:10     | Reached XP level 11. HP: 104/109 MP: 10/10
  6905 | D:10     | Noticed a hill giant
  6913 | D:10     | Killed a hill giant
  7058 | D:10     | Killed an unseen horror
  7167 | D:10     | Noticed a hill giant
  7175 | D:10     | Killed a hill giant
  7175 | D:10     | Reached skill level 8 in Dodging
  7503 | D:10     | Reached skill level 13 in Unarmed Combat
  7509 | D:10     | Reached skill level 8 in Fighting
  7512 | D:10     | Found a basalt altar of Yredelemnul.
  7971 | D:11     | Noticed an unseen horror
  7974 | D:11     | Killed an unseen horror
  7974 | D:11     | Reached skill level 1 in Throwing
  8123 | D:11     | Found a frozen archway.
  8147 | IceCv    | Entered an ice cave
  8216 | IceCv    | Reached skill level 2 in Throwing
  8534 | IceCv    | Reached skill level 3 in Throwing
  8559 | IceCv    | Reached XP level 12. HP: 93/122 MP: 5/11
  8588 | IceCv    | HP: 29/122 [polar bear (13)]
  8745 | IceCv    | Noticed a frost giant
  8757 | IceCv    | Reached skill level 9 in Fighting
  8758 | IceCv    | Reached skill level 9 in Dodging
  8777 | IceCv    | HP: 22/123 [frost giant/bolt of cold (14)]
  8778 | IceCv    | Killed a frost giant
  8778 | IceCv    | Reached skill level 4 in Throwing
  9340 | D:11     | Found a staircase to the Lair.
  9345 | Lair:1   | Entered Level 1 of the Lair of Beasts
  9538 | Lair:1   | Noticed Fannar
  9553 | Lair:1   | Killed Fannar
  9786 | Lair:1   | Noticed Harold
  9810 | Lair:1   | Killed Harold
  9810 | Lair:1   | Reached skill level 5 in Throwing
  9810 | Lair:1   | Reached skill level 14 in Unarmed Combat
 10480 | Lair:2   | Got a glittering copper ring
 10482 | Lair:2   | Identified the ring "Efudig" {+Fly MP+9 Int+3 Dex+4} (You found it on level 2 of the Lair of Beasts)
 10609 | Lair:2   | Noticed a five-headed hydra
 10618 | Lair:2   | Killed a five-headed hydra
 10620 | Lair:2   | Noticed Urug
 10634 | Lair:2   | Killed Urug
 10791 | Lair:2   | Reached XP level 13. HP: 70/133 MP: 12/12
 10840 | Lair:2   | Gained mutation: Your spells are a little harder to cast, but a little more powerful. [potion of beneficial mutation]
 10841 | Lair:2   | Gained mutation: Your body sometimes deteriorates upon taking damage. [potion of mutation]
 10841 | Lair:2   | Lost mutation: Your body sometimes deteriorates upon taking damage. [potion of mutation]
 10841 | Lair:2   | Gained mutation: Your magical capacity is low (-10% MP). [potion of mutation]
 11246 | Lair:3   | Reached skill level 6 in Throwing
 11271 | Lair:3   | Reached skill level 1 in Shields
 11489 | Lair:3   | Reached skill level 2 in Shields
 11850 | Lair:3   | Reached skill level 10 in Fighting
 11981 | Lair:4   | Noticed Josephine
 11993 | Lair:4   | Killed Josephine
 12003 | Lair:4   | Reached skill level 3 in Shields
 12354 | Lair:4   | Reached skill level 4 in Shields
 12693 | Lair:5   | Reached skill level 7 in Throwing
 12825 | Lair:5   | Reached skill level 5 in Shields
 12831 | Lair:5   | HP: 29/135 [death yak (24)]
 12989 | Lair:5   | Found a hole to the Spider Nest.
 13098 | Lair:5   | Noticed Kirke
 13108 | Lair:5   | Killed Kirke
 13265 | Lair:5   | Reached XP level 14. HP: 118/144 MP: 11/11
 13826 | Lair:5   | Reached skill level 6 in Shields
 14175 | Lair:6   | Found a staircase to the Swamp.
 14692 | Lair:6   | Reached skill level 8 in Throwing
 14884 | Lair:7   | Reached skill level 15 in Unarmed Combat
 15111 | Lair:7   | Found a staircase to the Slime Pits.
 15315 | Lair:7   | Reached skill level 7 in Shields
 15363 | Lair:7   | Reached skill level 11 in Fighting
 15847 | Lair:8   | Entered Level 8 of the Lair of Beasts
 15953 | Lair:8   | Reached skill level 8 in Shields
 15964 | Lair:8   | HP: 31/146 [blink frog (6)]
 16517 | Lair:8   | Reached skill level 9 in Throwing
 16567 | Lair:8   | Reached XP level 15. HP: 73/154 MP: 12/12
 16923 | Lair:8   | HP: 37/154 [seven-headed hydra (3)]
 16928 | Lair:8   | HP: 28/154 [poisoned by a spiny frog]
 16934 | Lair:8   | HP: 28/154 [poisoned by a spiny frog]
 16940 | Lair:8   | Reached skill level 9 in Shields
 16940 | Lair:8   | HP: 29/154 [poisoned by a spiny frog]
 16945 | Lair:8   | HP: 30/154 [poisoned by a spiny frog]
 16953 | Lair:8   | HP: 34/154 [poisoned by a spiny frog]
 16961 | Lair:8   | HP: 38/154 [poisoned by a spiny frog]
 17281 | Lair:8   | Found a burning altar of Makhleb.
 17307 | Lair:8   | Found a gateway to Hell.
 17701 | Lair:8   | Learned a level 1 spell: Apportation
 17708 | Lair:8   | Learned a level 6 spell: Invisibility
 17711 | Lair:8   | Got a pitted blowgun
 17716 | Lair:8   | Identified the cursed +1 blowgun of Welfare {speed, Dex+3} (You found it on level 8 of the Lair of Beasts)
 18153 | D:12     | Found a staircase to the Orcish Mines.
 18185 | D:12     | Found Zirro's Gadget Boutique.
 18314 | D:12     | Found Quheaff's Assorted Antiques.
 18317 | D:12     | Bought 2 potions of might for 288 gold pieces
 18317 | D:12     | Bought a scroll labeled MAXANWI VAUMO for 36 gold pieces
 18393 | D:12     | Found a shadowy altar of Dithmenos.
 18409 | D:12     | Found Lysk's Antique Weapon Boutique.
 18435 | D:12     | Found Qedd's Armour Boutique.
 18444 | D:12     | Bought a +1 cloak for 115 gold pieces
 18651 | D:12     | Found Joazumah's Weapon Shop.
 18820 | Orc:1    | Entered Level 1 of the Orcish Mines
 18881 | Orc:1    | Noticed Nergalle
 18916 | Orc:1    | Killed Nergalle
 18963 | Orc:1    | Found a radiant altar of Vehumet.
 18967 | Orc:1    | Noticed Erica
 18968 | Orc:1    | Noticed Snorg
 18976 | Orc:1    | Killed Erica
 18986 | Orc:1    | Killed Snorg
 19155 | Orc:2    | Found a roughly hewn altar of Beogh.
 19290 | Orc:1    | Found Didd's Distillery.
 19300 | Orc:1    | Bought a potion of heal wounds for 75 gold pieces
 19300 | Orc:1    | Bought a potion of heal wounds for 75 gold pieces
 19300 | Orc:1    | Bought a potion of invisibility for 120 gold pieces
 19300 | Orc:1    | Bought a potion of might for 60 gold pieces
 19300 | Orc:1    | Bought a potion of heal wounds for 75 gold pieces
 19300 | Orc:1    | Bought a potion of invisibility for 120 gold pieces
 19478 | Orc:1    | Reached skill level 10 in Throwing
 19662 | Orc:3    | Reached skill level 16 in Unarmed Combat
 19730 | Orc:3    | Found Zeokhl Rasu's Distillery.
 19734 | Orc:3    | Bought a potion of haste for 130 gold pieces
 19792 | Orc:3    | Found a staircase to the Elven Halls.
 19993 | Orc:3    | Found a dark tunnel.
 20001 | Volcano  | Entered a volcano
 20108 | Volcano  | Reached skill level 10 in Shields
 20212 | Volcano  | Found a sparkling altar of Nemelex Xobeh.
 20563 | Orc:2    | Found Iwak's Jewellery Boutique.
 20590 | Orc:2    | Bought the ring "Joerach" {rF+ Str+4 SInv} for 713 gold pieces
 20700 | Orc:4    | Entered Level 4 of the Orcish Mines
 21155 | Orc:4    | Found Beawnas's Book Shoppe.
 21230 | Orc:4    | Paralysed by an orc sorcerer for 5 turns
 21261 | Orc:4    | Reached skill level 12 in Fighting
 21401 | Orc:4    | Found Qeykoly's General Store.
 21407 | Orc:4    | Found Joiff's Weapon Shop.
 21409 | Orc:4    | Found Bomad's General Store.
 21422 | Orc:4    | Bought an uncursed ring of poison resistance for 360 gold pieces
 21717 | Elf:1    | Entered Level 1 of the Elven Halls
 21728 | Elf:1    | Reached XP level 16. HP: 159/165 MP: 13/13
 21854 | Elf:1    | Noticed Asterion
 21878 | Elf:1    | Killed Asterion
 21888 | Elf:1    | Noticed Donald
 21911 | Elf:1    | Killed Donald
 21925 | Elf:1    | Found a flickering gateway to a bazaar.
 21931 | Bazaar   | Entered a bazaar
 21933 | Bazaar   | Found Wiyteory's Magic Scroll Boutique.
 21937 | Bazaar   | Found Fiqil's Antique Armour Boutique.
 21937 | Bazaar   | Found Memout's Jewellery Boutique.
 21938 | Bazaar   | Found Kanun's Jewellery Boutique.
 21959 | Bazaar   | Bought a runed robe for 11 gold pieces
 22018 | Bazaar   | Bought an uncursed amulet of resist corrosion for 200 gold pieces
 22216 | Elf:1    | Identified the Tome of Unholy Magic
 22712 | Elf:2    | Reached skill level 11 in Shields
 22784 | Elf:2    | Found Hytwei's General Store.
 23162 | Elf:2    | Found a magical portal.
 23203 | WizLab   | Entered The Roulette of Golubria
 23207 | WizLab   | Found a corrupted altar of Lugonu.
 23215 | WizLab   | Noticed a tentacled starspawn
 23222 | WizLab   | Killed a tentacled starspawn
 23346 | WizLab   | Identified the Tome of Optimism
 23363 | WizLab   | Learned a level 2 spell: Shroud of Golubria
 23425 | WizLab   | Noticed a tentacled starspawn
 23436 | WizLab   | Killed a tentacled starspawn
 24021 | WizLab   | Reached skill level 11 in Throwing
 24026 | WizLab   | Got a faintly glowing cloak
 24037 | WizLab   | Identified the cursed -1 cloak "Puash" {rN+ Str+4} (You found it in a wizard's laboratory)
 24047 | WizLab   | Got a heavily runed cloak
 24053 | WizLab   | Identified the +1 cloak "Xazxueph" {rElec Dex-3 SInv} (You found it in a wizard's laboratory)
 24060 | WizLab   | Got a heavily runed cloak
 24066 | WizLab   | Identified the cursed +0 cloak of Happiness {rF+ MR+} (You found it in a wizard's laboratory)
 24491 | WizLab   | Identified the Collected Works on Assistive Translocation (You found it in a wizard's laboratory)
 24578 | Elf:2    | Reached skill level 4 in Armour
 24578 | Elf:2    | Reached XP level 17. HP: 175/175 MP: 14/14
 24579 | Elf:2    | Reached skill level 5 in Armour
 24579 | Elf:2    | Reached XP level 18. HP: 184/184 MP: 15/15
 24580 | Elf:2    | Found a huge runed gate.
 24580 | Elf:2    | Found a huge runed gate.
 24582 | Elf:2    | Found a huge runed gate.
 25230 | Elf:2    | Reached skill level 17 in Unarmed Combat
 25427 | Elf:3    | Entered Level 3 of the Elven Halls
 25427 | Elf:3    | Found Joem's Assorted Antiques.
 25434 | Elf:3    | Reached skill level 12 in Shields
 25461 | Elf:3    | Bought a scroll labeled QYOFRI ZEACH for 41 gold pieces
 25464 | Elf:3    | Got a shimmering hat
 25470 | Elf:3    | Identified the +1 hat "Lesk" {rC+ Dex+3} (You acquired it on level 3 of the Elven Halls)
 25681 | Elf:3    | Reached XP level 19. HP: 192/192 MP: 16/16
 25696 | Elf:3    | Found Tityiseb's Assorted Antiques.
 25702 | Elf:3    | Bought a scroll labeled MAGAPAAMEPH for 39 gold pieces
 25719 | Elf:3    | Found Keihy's Assorted Antiques.
 25727 | Elf:3    | Bought a scroll of enchant armour for 195 gold pieces
 25786 | Elf:3    | Found a portal to a secret trove of treasure.
 25910 | Elf:3    | Found Umacumea's Jewellery Shoppe.
 26386 | Elf:3    | HP: 46/192 [deep elf blademaster/rapier (8)]
 26394 | Elf:3    | HP: 33/192 [deep elf master archer/arrow of frost (18)]
 26397 | Elf:3    | Reached skill level 13 in Fighting
 26773 | Elf:3    | Got a pitted crystal amulet
 26774 | Elf:3    | Identified the amulet "Sauwybb" {Dismiss rF+ MR+} (You took it off a deep elf summoner on level 3 of the Elven Halls)
 26782 | Elf:3    | Gained mutation: You are frail (-10% HP). [a neqoxec]
 26996 | Elf:3    | HP: 24/173 [deep elf annihilator/bolt of lightning (35)]
 27001 | Elf:3    | HP: 38/173 [red devil/vampiric demon trident[a deep elf high priest] (7)]
 27006 | Elf:3    | HP: 10/173 [deep elf annihilator/crystal spear (25)]
 27204 | Elf:3    | Got a slimy ivory ring
 27286 | Elf:3    | Got a translucent pewter ring
 27287 | Elf:3    | Identified the ring of Uqeyry {Int+4 Stlth-} (You took it off a deep elf high priest on level 3 of the Elven Halls)
 27289 | Elf:3    | Identified the ring "Azujod" {MP-9 Int+6 Dex+3} (You took it off a deep elf sorcerer on level 3 of the Elven Halls)
 27300 | Elf:3    | Reached skill level 12 in Throwing
 27344 | Elf:3    | Got a flickering iron ring
 27346 | Elf:3    | Identified the cursed ring "Ubidgh" {MP+9 Str-4} (You took it off a deep elf annihilator on level 3 of the Elven Halls)
 27361 | Elf:3    | Identified Sif Muna's Incunabulum of Aid
 27934 | Spider:1 | Entered Level 1 of the Spider Nest
 27987 | Spider:1 | HP: 3/173 [disintegration (52)]
 28385 | Spider:1 | Reached skill level 18 in Unarmed Combat
 28469 | Spider:1 | HP: 41/175 [wolf spider (5)]
 28475 | Spider:1 | HP: 39/175 [poisoned by a wolf spider]
 28480 | Spider:1 | HP: 39/175 [poisoned by a wolf spider]
 28486 | Spider:1 | HP: 24/175 [poisoned by a wolf spider]
 28493 | Spider:1 | HP: 27/175 [poisoned by a wolf spider]
 28500 | Spider:1 | HP: 30/175 [poisoned by a wolf spider]
 28508 | Spider:1 | HP: 35/175 [poisoned by a wolf spider]
 29345 | Spider:2 | Gained mutation: You cannot train Armour skill. [Ru sacrifice]
 29345 | Spider:2 | Reduced skill Armour to level 0
 29345 | Spider:2 | Reached ****** piety under Ru
 29639 | Spider:2 | Noticed Arachne
 29672 | Spider:2 | Killed Arachne
 30110 | Spider:3 | HP: 42/175 [poisoned by a redback]
 30115 | Spider:3 | HP: 23/175 [poisoned by a redback]
 30120 | Spider:3 | HP: 17/175 [poisoned by a redback]
 30125 | Spider:3 | HP: 13/175 [poisoned by a redback]
 30130 | Spider:3 | HP: 12/175 [poisoned by a redback]
 30136 | Spider:3 | HP: 12/175 [poisoned by a redback]
 30142 | Spider:3 | HP: 13/175 [poisoned by a redback]
 30148 | Spider:3 | HP: 16/175 [poisoned by a redback]
 30156 | Spider:3 | HP: 20/175 [poisoned by a redback]
 30222 | Spider:3 | HP: 25/175 [disintegration (45)]
 30224 | Spider:3 | HP: 9/175 [disintegration (18)]
 30230 | Spider:3 | HP: 24/175 [electric eel/bolt of electricity (9)]
 30242 | Spider:3 | Blown up by an orb spider

Vault maps used:
D:1:      lordsloth_arrival_two_stooges
D:2:      nicolae_overflow_crystal_walls, fedhas_altar_fruit_tree, first_bread,
          fountainhead, minivault_25
D:3:      ecumenical_altar_2
D:4:      grunt_temple_overflow_champion_of_chaos, lemuel_crystal_altar,
          lemuel_coloured_pillars_altar, nicolae_gozag_seed_capital,
          marbit_many_paths, minmay_quantized
D:5:      elyvilon_altar_5, minmay_liquid_box
D:6:      slow_altar_2, minmay_temple_entry_junction, nicolae_ru_awakened_eye,
          uniq_sigmund, uniq_pikel, uniq_eustachio
D:7:      old_standard_altar, okawaru_gym_becter, serial_shops,
          nicolae_shop_waterfront, the_bakery, uniq_menkaure
D:8:      minmay_goldmine
D:10:     lemuel_mausoleum_altar_yredelemnul
D:11:     lair_0_dummy, portal_ice_cave_entry_imps
D:12:     orc_0_dummy, serial_shops, nicolae_shop_waterfront,
          nicolae_shop_window_shopping, shop, nicolae_shop_behind_doors, shop,
          basic_altar, uniq_frances
Lair:1:   grunt_megastairs_3, uniq_harold, uniq_fannar
Lair:2:   grunt_forest_small_clearing_treed, uniq_urug
Lair:3:   nicolae_quartered_pool_super, nicolae_lair_grove_arrangements
Lair:4:   uniq_josephine
Lair:5:   nicolae_spider_entry_tight_spaces, st_stairs_10, serial_bayou_pond_d,
          uniq_kirke
Lair:6:   swamp_mist_pool, serial_bayou_shore_b
Lair:7:   minmay_slime_entry_jelly_boxes, ldierk_geyser, beast_lair_carwin_3,
          serial_bayou_shore_b
Lair:8:   evil_forest, worms_lemuel, infiniplex_staircase_pool
Spider:2: uniq_arachne
Spider:3: spider_trap, hangedman_stitches_earthworm
Orc:1:    basic_altar, serial_shops,
          nicolae_shop_temple_entry_statues_fountains, minmay_orc_keep,
          uniq_snorg, uniq_nergalle, uniq_erica
Orc:2:    serial_shops, shop, david_defended_altar_orc
Orc:3:    enter_volcano_4, serial_shops, shop_statue, nicolae_orc_pool_cavern,
          lightli_orcish_oven
Orc:4:    st_orc_elflike
Elf:1:    eino_elf_arrival_customs, serial_shops, bzr_entry_safe,
          minmay_elf_necromancy, uniq_asterion, uniq_donald
Elf:2:    serial_shops, nicolae_shop_waterfront, mu_enter_wizlab_2,
          lemuel_elevator
Elf:3:    grunt_elf_hall_asides, serial_shops, nicolae_shop_overgrown_old_shop,
          shop, shop, shop, nicolae_trove_entry_columns
Bazaar:   bazaar_minmay_cross
IceCv:    ice_cave_small_giant
Volcano:  volcano_grotto
WizLab:   wizlab_golubria

Action                   |  1- 3 |  4- 6 |  7- 9 | 10-12 | 13-15 | 16-18 | 19-21 || total
-------------------------+-------+-------+-------+-------+-------+-------+-------++-------
Melee: Unarmed           |    70 |    95 |   216 |   659 |  1523 |   553 |   738 ||  3854
       Giant club        |       |       |     7 |       |       |       |       ||     7
       Spear             |       |       |       |     2 |    34 |       |       ||    36
Throw: Large rock        |       |       |       |     7 |    30 |       |     2 ||    39
Invok: Sacrifice Love    |     1 |       |       |       |       |       |       ||     1
       Sacrifice Stealth |       |       |     1 |       |       |       |       ||     1
       Sacrifice Arcana  |       |       |     1 |       |       |       |       ||     1
       Sacrifice Artific |       |       |       |     1 |       |       |       ||     1
       Power Leap        |       |       |       |     7 |     5 |       |     2 ||    14
       Reject Sacrifices |       |       |       |     2 |     1 |       |       ||     3
       Apocalypse        |       |       |       |       |     1 |     1 |       ||     2
       Sacrifice Durabil |       |       |       |       |       |       |     1 ||     1
  Use: Scroll            |       |       |     8 |     1 |    23 |     7 |     7 ||    46
       Potion            |       |       |       |     3 |     4 |     4 |     8 ||    19
 Stab: Sleeping          |     1 |     2 |     1 |       |       |       |       ||     4
       Distracted        |       |       |     1 |     5 |    12 |     3 |     5 ||    26
       Paralysed         |       |       |       |    12 |     9 |     4 |     4 ||    29
       Invisible         |       |       |       |     3 |    13 |    10 |    22 ||    48
       Held in net/web   |       |       |       |     2 |       |       |       ||     2
  Eat: Chunk             |    15 |     8 |    25 |    61 |    99 |    38 |    41 ||   287
       Bread ration      |       |       |     1 |       |       |       |       ||     1

Vault maps used:
D:1:      lordsloth_arrival_two_stooges
D:2:      nicolae_overflow_crystal_walls, fedhas_altar_fruit_tree, first_bread,
          fountainhead, minivault_25
D:3:      ecumenical_altar_2
D:4:      grunt_temple_overflow_champion_of_chaos, lemuel_crystal_altar,
          lemuel_coloured_pillars_altar, nicolae_gozag_seed_capital,
          marbit_many_paths, minmay_quantized
D:5:      elyvilon_altar_5, minmay_liquid_box
D:6:      slow_altar_2, minmay_temple_entry_junction, nicolae_ru_awakened_eye,
          uniq_sigmund, uniq_pikel, uniq_eustachio
D:7:      old_standard_altar, okawaru_gym_becter, serial_shops,
          nicolae_shop_waterfront, the_bakery, uniq_menkaure
D:8:      minmay_goldmine
D:10:     lemuel_mausoleum_altar_yredelemnul
D:11:     lair_0_dummy, portal_ice_cave_entry_imps
D:12:     orc_0_dummy, serial_shops, nicolae_shop_waterfront,
          nicolae_shop_window_shopping, shop, nicolae_shop_behind_doors, shop,
          basic_altar, uniq_frances
Lair:1:   grunt_megastairs_3, uniq_harold, uniq_fannar
Lair:2:   grunt_forest_small_clearing_treed, uniq_urug
Lair:3:   nicolae_quartered_pool_super, nicolae_lair_grove_arrangements
Lair:4:   uniq_josephine
Lair:5:   nicolae_spider_entry_tight_spaces, st_stairs_10, serial_bayou_pond_d,
          uniq_kirke
Lair:6:   swamp_mist_pool, serial_bayou_shore_b
Lair:7:   minmay_slime_entry_jelly_boxes, ldierk_geyser, beast_lair_carwin_3,
          serial_bayou_shore_b
Lair:8:   evil_forest, worms_lemuel, infiniplex_staircase_pool
Spider:2: uniq_arachne
Spider:3: spider_trap, hangedman_stitches_earthworm
Orc:1:    basic_altar, serial_shops,
          nicolae_shop_temple_entry_statues_fountains, minmay_orc_keep,
          uniq_snorg, uniq_nergalle, uniq_erica
Orc:2:    serial_shops, shop, david_defended_altar_orc
Orc:3:    enter_volcano_4, serial_shops, shop_statue, nicolae_orc_pool_cavern,
          lightli_orcish_oven
Orc:4:    st_orc_elflike
Elf:1:    eino_elf_arrival_customs, serial_shops, bzr_entry_safe,
          minmay_elf_necromancy, uniq_asterion, uniq_donald
Elf:2:    serial_shops, nicolae_shop_waterfront, mu_enter_wizlab_2,
          lemuel_elevator
Elf:3:    grunt_elf_hall_asides, serial_shops, nicolae_shop_overgrown_old_shop,
          shop, shop, shop, nicolae_trove_entry_columns
Bazaar:   bazaar_minmay_cross
IceCv:    ice_cave_small_giant
Volcano:  volcano_grotto
WizLab:   wizlab_golubria

Table legend:
 A = Turns spent in this place as a percentage of turns spent in the entire game.
 B = Non-inter-level travel turns spent in this place as a percentage of non-inter-level travel turns spent in the entire game.
 C = Inter-level travel turns spent in this place as a percentage of turns spent in this place.
 D = Turns resting spent in this place as a percentage of non-inter-level travel turns spent in this place.
 E = Turns spent auto-exploring this place as a percentage of non-inter-level travel turns spent in this place.
 F = Non-inter-level travel turns spent in this place divided by the number of levels of this place that you've seen.
                   A       B       C       D       E      F
               +-------+-------+-------+-------+-------+----------------------
         Total | 100.0 | 100.0 |   0.7 |   1.1 |   9.3 | 280.2
       Dungeon |  23.8 |  23.8 |   0.8 |   0.4 |  15.5 | 188.9
          Lair |  28.0 |  28.1 |   0.6 |   1.1 |   7.9 | 334.2
   Spider Nest |   9.6 |   9.7 |   0.2 |   2.4 |   3.5 | 307.3
  Orcish Mines |   9.0 |   8.8 |   2.2 |   0.2 |  14.0 | 210.8
   Elven Halls |  17.0 |  17.0 |   0.6 |   1.4 |   7.5 | 539.7
        Bazaar |   0.5 |   0.5 |   0.0 |   0.0 |  13.5 |  52.0
      Ice Cave |   2.7 |   2.7 |   0.0 |   3.9 |   5.1 | 255.0
       Volcano |   1.7 |   1.7 |   0.0 |   1.2 |   7.5 | 160.0
        Wizlab |   7.7 |   7.7 |   0.0 |   0.8 |   2.9 | 735.0
               +-------+-------+-------+-------+-------+----------------------

Table legend:
 A = Kills in this place as a percentage of kills in entire the game.
 B = Kills by you in this place as a percentage of kills by you in the entire game.
 C = Kills by friends in this place as a percentage of kills by friends in the entire game.
 D = Other kills in this place as a percentage of other kills in the entire game.
 E = Experience gained in this place as a percentage of experience gained in the entire game.
 F = Experience gained in this place divided by the number of levels of this place that you have seen.
                   A       B       C       D       E      F
               +-------+-------+-------+-------+-------+----------------------
         Total | 100.0 | 100.0 |  -nan | 100.0 | 100.0 | 9348.9
       Dungeon |  27.9 |  28.0 |  -nan |  15.4 |   6.6 | 1753.1
          Lair |  30.3 |  30.1 |  -nan |  46.2 |  31.8 | 12648.5
   Spider Nest |   9.5 |   9.6 |  -nan |   0.0 |  14.0 | 14818.0
  Orcish Mines |  12.7 |  12.8 |  -nan |   0.0 |   4.9 | 3928.5
   Elven Halls |  11.6 |  11.5 |  -nan |  15.4 |  30.3 | 32055.0
      Ice Cave |   3.0 |   3.1 |  -nan |   0.0 |   3.2 | 10137.0
       Volcano |   1.9 |   2.0 |  -nan |   0.0 |   1.9 | 5996.0
        Wizlab |   3.0 |   2.8 |  -nan |  23.1 |   7.3 | 23171.0
               +-------+-------+-------+-------+-------+----------------------
